Map: Ascension to Aiur LE

Players

ShoWTimE - Winner!

  • Race: Protoss Protoss
  • Spawn Location: 11:00

NightEnD

  • Race: Protoss Protoss
  • Spawn Location: 5:00

Event: WCS Jonkoping 2017

VOD

Have the link to the VOD?

Description

Time

  • Played on: June 17, 2017, 10:22 a.m.
  • Length: 12:30

All games in this series

Show
View Real Time Build Order
Export as new Build Order

ShoWTimE Protoss - Winner!

Build Orders: Zealot Archon 

Get SALT Encoding   

  12  0:00  Probe (Chrono Boost)  
  13  0:11  Probe (Chrono Boost)  
  14  0:17  Pylon  
  14  0:22  Probe (Chrono Boost)  
  15  0:36  Probe (Chrono Boost), Gateway  
  16  0:43  Assimilator  
  16  0:46  Probe (Chrono Boost)  
  17  0:51  Assimilator  
  18  0:57  Probe (Chrono Boost)  
  18  1:07  Probe (Chrono Boost), Gateway  
  19  1:18  Probe (Chrono Boost)  
  20  1:23  Cybernetics Core  
  20  1:28  Probe (Chrono Boost)  
  21  1:34  Pylon  
  21  1:39  Probe (Chrono Boost)  
  22  1:49  Probe (Chrono Boost)  
  23  1:59  Adept x2  
  23  2:00  Mothership Core (Chrono Boost)  
  29  2:02  Warp Gate (Chrono Boost)  
  29  2:08  Pylon  
  29  2:26  Stalker x2  
  33  2:54  Probe  
  33  2:58  Sentry, Nexus  
  36  3:08  Probe  
  37  3:14  Robotics Facility  
  37  3:20  Pylon  
  37  3:24  Probe  
  38  3:36  Probe  
  38  3:40  Twilight Council  
  39  3:48  Probe  
  40  3:53  Sentry  
  42  4:00  Probe  
  42  4:02  Observer (Chrono Boost)  
  44  4:09  Probe  
  44  4:12  Probe  
  46  4:17  Blink (Chrono Boost), Assimilator  
  46  4:21  Probe  
  47  4:24  Probe  
  47  4:27  Phoenix  
  48  4:31  Immortal  
  48  4:33  Probe  
  48  4:36  Probe  
  54  4:43  Forge  
  54  4:45  Probe  
  55  4:48  Probe  
  55  4:50  Pylon  
  56  4:57  Probe  
  57  5:00  Probe  
  58  5:08  Gateway  
  58  5:09  Probe, Gateway  
  58  5:10  Phoenix  
  58  5:11  Immortal  
  58  5:12  Probe  
  60  5:20  Assimilator  
  64  5:21  Probe  
  64  5:25  Probe  
  64  5:27  Protoss Ground Weapons Level 1  
  66  5:32  Pylon  
  66  5:33  Probe  
  67  5:37  Probe  
  68  5:47  Immortal  
  72  5:58  Nexus  
  72  6:02  Pylon  
  72  6:05  Probe x2  
  74  6:17  Probe x2  
  76  6:18  Phoenix  
  76  6:22  Immortal  
  76  6:23  Charge (Chrono Boost)  
  76  6:27  Pylon  
  76  6:29  Probe x2  
  80  6:33  Sentry  
  80  6:34  Zealot  
  82  6:41  Probe x2  
  84  6:47  Gateway  
  84  6:48  Gateway  
  84  6:53  Probe x2, Templar Archives  
  86  6:57  Phoenix  
  86  7:00  Observer  
  86  7:01  Photon Cannon  
  86  7:03  Photon Cannon  
  86  7:05  Probe  
  86  7:06  Probe  
  89  7:11  Probe  
  89  7:12  Stargate  
  89  7:14  Protoss Ground Weapons Level 2  
  90  7:18  Probe x2  
  90  7:21  Probe, Assimilator  
  92  7:25  Assimilator  
  92  7:29  Immortal  
  93  7:30  Probe  
  93  7:35  Probe  
  93  7:36  Probe  
  100  7:39  Pylon  
  100  7:41  High Templar  
  100  7:42  High Templar  
  104  7:46  Archon  
  104  7:51  Pylon  
  104  7:53  Probe  
  104  7:57  Phoenix (Chrono Boost)  
  107  8:03  Immortal  
  107  8:07  Pylon  
  107  8:10  Nexus  
  111  8:15  High Templar x2  
  111  8:18  Pylon, Archon  
  111  8:19  Phoenix (Chrono Boost)  
  117  8:29  Gateway  
  117  8:30  Pylon, Gateway  
  117  8:36  Photon Cannon  
  117  8:37  Probe  
  117  8:38  Probe  
  117  8:39  Photon Cannon, Probe  
  120  8:46  Phoenix (Chrono Boost)  
  122  8:49  Probe  
  122  8:50  Photon Cannon  
  122  8:53  Zealot  
  125  8:58  High Templar x2  
  125  8:59  High Templar  
  125  9:00  Photon Cannon, High Templar  
  125  9:02  Warp Prism  
  133  9:05  Archon  
  133  9:06  Archon  
  133  9:09  Phoenix (Chrono Boost)  
  137  9:16  Robotics Bay  
  137  9:23  Robotics Facility  
  135  9:24  Probe  
  135  9:26  Assimilator  
  135  9:30  Assimilator  
  81  9:31  Phoenix (Chrono Boost)  
  138  9:39  Zealot x4  
  146  9:49  Protoss Ground Weapons Level 3  
  148  9:53  Phoenix (Chrono Boost)  
  148  9:56  Pylon  
  148  9:58  Pylon  
  148  10:14  Disruptor, Phoenix (Chrono Boost)  
  148  10:17  Zealot x8  
  169  10:21  Disruptor  
  160  10:36  Phoenix (Chrono Boost)  
  160  10:49  Disruptor, Stargate  
  154  10:51  Fleet Beacon  
  154  10:55  Stargate  
  157  11:01  Sentry x3  
  157  11:05  Stalker  
  157  11:06  Stalker x6  
  157  11:07  Stalker  
  173  11:15  Pylon  
  173  11:20  Disruptor  
  173  11:25  Pylon  
  176  11:26  Pylon  
  176  11:28  Pylon  
  176  11:30  Pylon  
  176  11:35  Zealot x5  
  176  11:39  Zealot  
  188  11:49  Disruptor  
  175  12:09  Zealot x5  
  175  12:10  Zealot x3  
Show
View Real Time Build Order
Export as new Build Order

NightEnD Protoss 

Build Orders:  

Get SALT Encoding   

  12  0:01  Probe (Chrono Boost)  
  13  0:11  Probe (Chrono Boost)  
  14  0:18  Pylon  
  14  0:22  Probe (Chrono Boost)  
  15  0:36  Probe (Chrono Boost)  
  15  0:37  Gateway  
  16  0:43  Assimilator  
  16  0:46  Probe (Chrono Boost)  
  17  0:51  Assimilator  
  18  0:57  Probe (Chrono Boost)  
  18  1:07  Probe (Chrono Boost)  
  18  1:09  Gateway  
  19  1:18  Probe (Chrono Boost)  
  20  1:26  Cybernetics Core  
  20  1:28  Probe (Chrono Boost)  
  21  1:34  Pylon  
  21  1:39  Probe (Chrono Boost)  
  22  1:50  Probe (Chrono Boost)  
  23  2:02  Warp Gate (Chrono Boost)  
  23  2:03  Stalker x2  
  27  2:10  Mothership Core  
  29  2:21  Pylon  
  28  2:32  Probe  
  29  2:50  Nexus  
  29  2:54  Sentry x2  
  33  3:08  Robotics Facility  
  33  3:11  Probe  
  34  3:17  Pylon  
  34  3:23  Probe  
  35  3:35  Probe (Chrono Boost)  
  35  3:36  Twilight Council  
  36  3:47  Probe (Chrono Boost)  
  37  3:55  Stalker  
  37  3:58  Probe (Chrono Boost), Stalker  
  37  4:02  Probe (Chrono Boost)  
  43  4:08  Probe (Chrono Boost)  
  44  4:14  Probe (Chrono Boost)  
  44  4:15  Blink (Chrono Boost)  
  45  4:19  Probe (Chrono Boost)  
  46  4:28  Probe (Chrono Boost)  
  47  4:33  Probe (Chrono Boost)  
  47  4:37  Immortal  
  52  4:39  Probe (Chrono Boost)  
  52  4:43  Probe (Chrono Boost)  
  54  4:49  Probe (Chrono Boost)  
  54  4:50  Pylon  
  55  4:54  Probe (Chrono Boost)  
  56  5:00  Probe (Chrono Boost)  
  56  5:01  Forge  
  56  5:03  Sentry  
  56  5:04  Probe (Chrono Boost)  
  60  5:10  Probe (Chrono Boost)  
  60  5:11  Immortal  
  61  5:15  Probe  
  61  5:20  Assimilator x2  
  66  5:22  Probe  
  66  5:25  Pylon  
  66  5:27  Probe  
  68  5:34  Probe  
  68  5:35  Protoss Ground Weapons Level 1 (Chrono Boost)  
  69  5:39  Probe  
  70  5:46  Probe  
  70  5:49  Gateway  
  71  5:50  Observer  
  71  5:51  Gateway  
  71  5:52  Pylon  
  71  5:54  Probe  
  73  5:58  Probe  
  73  6:00  Pylon  
  74  6:08  Probe  
  74  6:09  Nexus  
  75  6:14  Robotics Bay  
  75  6:16  Probe  
  76  6:20  Probe  
  77  6:27  Stalker x2  
  77  6:32  Probe x2  
  80  6:39  Observer  
  80  6:44  Probe x2  
  83  6:54  Pylon  
  83  6:56  Probe x2  
  83  6:58  Pylon, Disruptor  
  86  7:02  Pylon  
  86  7:08  Probe  
  89  7:09  Probe  
  89  7:12  Stalker  
  89  7:13  Stalker x3  
  98  7:20  Probe  
  99  7:23  Protoss Ground Weapons Level 2 (Chrono Boost), Probe  
  99  7:25  Probe  
  101  7:32  Photon Cannon, Probe  
  101  7:35  Photon Cannon  
  102  7:44  Assimilator  
  102  7:46  Disruptor  
  102  7:48  Assimilator  
  105  7:53  Probe  
  105  7:55  Photon Cannon  
  106  7:58  Dark Shrine  
  106  7:59  Photon Cannon  
  106  8:04  Pylon  
  106  8:12  Photon Cannon  
  106  8:14  Pylon x2  
  106  8:17  Disruptor  
  106  8:20  Pylon  
  106  8:26  Stalker x2  
  113  8:27  Stalker x2  
  113  8:32  Photon Cannon  
  117  8:37  Stargate  
  117  8:44  Nexus  
  117  8:48  Disruptor  
  117  8:54  Pylon  
  120  8:59  Probe  
  120  9:00  Probe  
  120  9:01  Probe  
  123  9:07  Pylon  
  123  9:10  Probe  
  123  9:13  Pylon, Probe x2  
  126  9:24  Disruptor  
  126  9:25  Oracle, Stargate  
  126  9:29  Stargate  
  132  9:32  Fleet Beacon  
  132  9:40  Protoss Ground Weapons Level 3 (Chrono Boost)  
  132  9:49  Stalker x3  
  132  9:50  Stalker  
  140  9:59  Disruptor  
  143  10:15  Tempest (Chrono Boost)  
  143  10:16  Pylon  
  143  10:20  Tempest (Chrono Boost)  
  161  10:23  Assimilator  
  161  10:24  Assimilator  
  161  10:26  Dark Templar  
  161  10:27  Dark Templar  
  159  10:31  Zealot x2  
  156  10:52  Tempest (Chrono Boost)  
  156  10:54  Photon Cannon  
  156  10:56  Photon Cannon  
  162  10:58  Photon Cannon  
  162  10:59  Photon Cannon x2  
  162  11:00  Photon Cannon  
  162  11:04  Stalker x3  
  180  11:19  Tempest x2 (Chrono Boost)  
  180  11:22  Photon Cannon  
  180  11:35  Tempest (Chrono Boost)  
  186  11:40  Pylon  
  186  11:42  Pylon  
  186  11:59  Stalker  
Tags
 
Add a new tag
Caveats
  • Supply blocks, unpowered buildings, or Contaminate may cause inaccurate times.
  • Supply counts are checked every 10 seconds.